Bruins vs Oilers
Created - June 2, 2022 at 19:01
Goals
|
| Bruins |
0 |
1 |
3 |
4 |
| Oilers |
1 |
1 |
0 |
2 |
|
Shots
|
| Bruins |
14 |
4 |
11 |
29 |
| Oilers |
12 |
7 |
12 |
31 |
|
1st period
1. Oilers , Evander Kane 44 (Patrice Bergeron 35, Cam Barker 23) at 3:27
Penalties :
Evander Kane (Edm) for Diving (Minor) at 12:29
2nd period
2. Bruins , Kris Chucko 6 (Mikael Backlund 9, Josh Manson 10) at 6:33
3. Oilers , Leon Draisaitl 13 (Jussi Jokinen 36, Jake Gardiner 32) at 19:25
Penalties :
Casey Cizikas (Bos) for Hooking (Minor) at 2:56, Leon Draisaitl (Edm) for High sticking (Minor) at 9:45, Jussi Jokinen (Edm) for Goalie Interference (Minor) at 17:03
3rd period
4. Bruins , Wojtek Wolski 29 (Jonathan Toews 45, Zack Kassian 39) at 0:16
5. Bruins , Zack Kassian 33 (Jonathan Toews 46, Wojtek Wolski 45) at 3:22 (PP)
6. Bruins , Brendan Smith 2 (Kevin Hayes 20, Gabriel Landeskog 25) at 3:58
Penalties :
Cam Barker (Edm) for Hooking (Minor) at 0:40, Ted Purcell (Edm) for Roughing (Minor) at 2:53, Connor McDavid (Edm) for Interference (Minor) at 16:16
Goalie Stats
Kevin Poulin (Bos), 29 saves from 31 shots - (0.935), W, 36-29-2, 60:00 minutes
Jonas Hiller (Edm), 25 saves from 29 shots - (0.862), L, 6-4-2, 60:00 minutes
Players Stats for Bruins
Player Name G A P +/- PIM S H SB GA TA FO MP PP MP PK MP
------------------------------------------------------------------------------------
Adam Pelech 0 0 0 0 0 0 0 2 0 0 0/0 12:07 0:00 0:00
Andreas Athanasiou 0 0 0 0 0 1 0 0 0 1 0/0 8:49 0:02 0:00
Andrei Kostitsyn 0 0 0 -1 0 2 2 1 0 0 0/0 10:23 0:02 0:37
Brendan Smith 1 0 1 2 0 1 1 0 1 4 0/0 24:15 3:37 0:47
Casey Cizikas 0 0 0 0 2 1 1 0 0 0 3/6 9:20 0:00 0:00
Gabriel Landeskog 0 1 1 1 0 0 3 3 0 1 0/0 18:33 4:28 0:19
Jason Demers 0 0 0 1 0 1 2 1 2 0 0/0 28:07 6:47 0:47
Jonathan Toews 0 2 2 0 0 3 1 1 1 2 22/37 22:33 5:54 0:56
Josh Manson 0 1 1 0 0 0 0 2 0 0 0/0 12:07 0:00 0:00
Kevin Hayes 0 1 1 1 0 3 0 0 0 1 3/7 18:14 4:28 0:00
Kris Chucko 1 0 1 1 0 3 2 0 0 0 0/1 8:24 0:00 0:00
Madison Bowey 0 0 0 0 0 1 0 0 0 2 0/0 19:46 3:37 1:12
Matt Read 0 0 0 -1 0 0 1 0 0 0 0/0 9:46 0:02 0:00
Mikael Backlund 0 1 1 1 0 1 1 0 0 0 1/5 8:24 0:00 0:00
Torey Krug 0 0 0 -1 0 1 0 1 0 1 0/0 23:38 6:47 1:12
Victor Oreskovich 0 0 0 1 0 1 2 0 0 1 0/1 18:14 4:28 0:00
Wojtek Wolski 1 1 2 0 0 7 1 0 0 0 1/2 22:40 5:54 1:03
Zack Kassian 1 1 2 0 0 3 2 0 0 0 2/2 22:40 5:54 1:03
Players Stats for Oilers
Player Name G A P +/- PIM S H SB GA TA FO MP PP MP PK MP
------------------------------------------------------------------------------------
Alex Galchenyuk 0 0 0 -1 0 2 0 0 1 0 0/0 20:41 1:03 2:08
Andy Rogers 0 0 0 1 0 0 0 0 0 0 0/0 2:06 0:00 0:00
Cam Barker 0 1 1 0 2 1 0 2 0 0 0/0 27:05 1:17 5:11
Connor McDavid 0 0 0 -1 2 1 2 0 1 0 5/11 19:27 1:03 3:18
Conor Sheary 0 0 0 0 0 0 0 0 2 0 0/0 9:27 0:00 0:00
Darnell Nurse 0 0 0 -1 0 1 2 0 0 0 0/0 20:47 0:42 3:51
Duncan Keith 0 0 0 0 0 0 0 0 0 0 0/0 10:18 0:00 0:00
Evander Kane 1 0 1 -1 2 4 1 0 0 1 0/0 20:40 1:03 2:08
Jake Gardiner 0 1 1 -1 0 3 1 1 2 0 0/0 26:49 1:17 6:33
Jussi Jokinen 0 1 1 1 2 2 1 0 0 0 0/0 15:13 0:00 5:09
Leon Draisaitl 1 0 1 0 2 5 0 0 0 1 1/2 16:41 0:56 0:47
Nail Yakupov 0 0 0 0 0 0 0 0 0 0 0/0 5:54 0:00 0:00
Patrice Bergeron 0 1 1 0 0 2 1 2 0 0 16/37 24:15 0:00 6:05
Rasmus Ristolainen 0 0 0 -1 0 0 1 0 2 0 0/0 21:27 0:42 4:31
Ryan Nugent-Hopkins 0 0 0 0 0 7 1 0 3 1 7/11 16:12 0:56 1:01
Ted Purcell 0 0 0 0 2 2 0 0 1 0 0/0 6:05 0:00 0:12
Tobias Enstrom 0 0 0 0 0 0 0 1 0 1 0/0 11:30 0:00 0:42
Tyler Toffoli 0 0 0 -1 0 1 3 1 1 0 0/0 14:53 0:56 0:00
3 Stars
1 - Zack Kassian (Bos)
2 - Brendan Smith (Bos)
3 - Wojtek Wolski (Bos)
Power Play
Bruins - 1 on 6 Attempt(s) - 16.67%
Oilers - 0 on 1 Attempt(s) - 0.00%
Penalty Kill
Bruins - 1 on 1 Attempt(s) - 100.00%
- Score 0 goal in Penalty Kill
Oilers - 5 on 6 Attempt(s) - 83.33%
- Score 0 goal in Penalty Kill
Team Stat
Bruins - Hits : 19 - Faceoff Wins : 32 - Blocked Shots : 11 - Penalty Minutes : 2
Oilers - Hits : 13 - Faceoff Wins : 29 - Blocked Shots : 7 - Penalty Minutes : 12
Official
Referees : TJ Luxmore and Peter MacDougall
Linesman : Travis Toomey and Bevan Mills
Game Notes
No Game Note
Finance
Level 1 -- Attendance: 5706 (95.10%) -- Ticket Income $570,600
Level 2 -- Attendance: 5000 (100.00%) -- Ticket Income $300,000
Level 3 -- Attendance: 2000 (100.00%) -- Ticket Income $70,000
Level 4 -- Attendance: 3827 (95.68%) -- Ticket Income $95,675
Luxury Box -- Attendance: 903 (90.30%) -- Ticket Income $180,600
Game was played at the Rodgers Place.
Total Attendance: 17436 (96.87%)
Total Ticket Income: $1,216,875
Other Income: $182,531
Total Income: $1,399,406
Bruins
5 vs 5 Forward
Center Left Wing Right Wing Time % Phy DF OF
1 Jonathan Toews Wojtek Wolski Zack Kassian 40 1 2 2
2 Kevin Hayes Gabriel Landeskog Victor Oreskovich 30 1 2 2
3 Casey Cizikas Andrei Kostitsyn Matt Read 20 1 2 2
4 Mikael Backlund Kris Chucko Andreas Athanasiou 10 1 2 2
5 vs 5 Defense
Defense Defense Time % Phy DF OF
1 Jason Demers Brendan Smith 40 1 2 2
2 Madison Bowey Torey Krug 30 1 2 2
3 Josh Manson Adam Pelech 20 1 2 2
4 Jason Demers Brendan Smith 10 1 2 2
PowerPlay Forward
Center Left Wing Right Wing Time % Phy DF OF
1 Jonathan Toews Wojtek Wolski Zack Kassian 60 1 2 2
2 Kevin Hayes Gabriel Landeskog Victor Oreskovich 40 1 2 2
PowerPlay Defense
Defense Defense Time % Phy DF OF
1 Jason Demers Torey Krug 60 1 2 2
2 Madison Bowey Brendan Smith 40 1 2 2
Penalty Kill 4 Players Forward
Center Wing Time % Phy DF OF
1 Wojtek Wolski Zack Kassian 60 1 2 2
2 Jonathan Toews Gabriel Landeskog 40 1 2 2
Penalty Kill 4 Players Defense
Defense Defense Time % Phy DF OF
1 Jason Demers Brendan Smith 60 1 2 2
2 Madison Bowey Torey Krug 40 1 2 2
Penalty Kill - 3 Players Forward
Forward Time % Phy DF OF
1 Wojtek Wolski 60 1 2 2
2 Zack Kassian 40 1 2 2
Penalty Kill - 3 Players Defense
Defense Defense Time % Phy DF OF
1 Jason Demers Torey Krug 60 1 2 2
2 Madison Bowey Josh Manson 40 1 2 2
4 vs 4 Forward
Center Wing Time % Phy DF OF
1 Wojtek Wolski Zack Kassian 60 1 2 2
2 Jonathan Toews Gabriel Landeskog 40 1 2 2
4 vs 4 Defense
Defense Defense Time % Phy DF OF
1 Jason Demers Brendan Smith 60 1 2 2
2 Madison Bowey Torey Krug 40 1 2 2
Last Minutes Offensive
Center Left Wing Right Wing Defense Defense
Jonathan Toews Wojtek Wolski Zack Kassian Jason Demers Torey Krug
Last Minutes Defensive
Center Left Wing Right Wing Defense Defense
Jonathan Toews Wojtek Wolski Zack Kassian Jason Demers Torey Krug
Goaltenders
Starting : Kevin Poulin
Backup : Antti Niemi
Extra Forwards
Normal : Andrei Kostitsyn, Matt Read, Casey Cizikas - PP : Andrei Kostitsyn, Matt Read - PK : Casey Cizikas
Extra Defensemen
Normal : Torey Krug, Jason Demers, Brendan Smith - PP : Adam Pelech - PK : Adam Pelech, Madison Bowey
Penalty Shots
Wojtek Wolski, Zack Kassian, Jonathan Toews, Gabriel Landeskog, Kevin Hayes
Scratches
John Hayden (Healthy)
Oilers
5 vs 5 Forward
Center Left Wing Right Wing Time % Phy DF OF
1 Patrice Bergeron Alex Galchenyuk Evander Kane 40 1 2 2
2 Connor McDavid Leon Draisaitl Tyler Toffoli 30 1 2 2
3 Ryan Nugent-Hopkins Jussi Jokinen Conor Sheary 20 1 2 2
4 Ryan Nugent-Hopkins Ted Purcell Nail Yakupov 10 1 2 2
5 vs 5 Defense
Defense Defense Time % Phy DF OF
1 Jake Gardiner Cam Barker 40 1 2 2
2 Darnell Nurse Rasmus Ristolainen 30 1 2 2
3 Tobias Enstrom Duncan Keith 20 1 2 2
4 Andy Rogers Cam Barker 10 1 2 2
PowerPlay Forward
Center Left Wing Right Wing Time % Phy DF OF
1 Connor McDavid Alex Galchenyuk Evander Kane 60 1 2 2
2 Ryan Nugent-Hopkins Leon Draisaitl Tyler Toffoli 40 1 2 2
PowerPlay Defense
Defense Defense Time % Phy DF OF
1 Jake Gardiner Cam Barker 60 1 2 2
2 Darnell Nurse Rasmus Ristolainen 40 1 2 2
Penalty Kill 4 Players Forward
Center Wing Time % Phy DF OF
1 Patrice Bergeron Jussi Jokinen 60 1 2 2
2 Connor McDavid Evander Kane 40 1 2 2
Penalty Kill 4 Players Defense
Defense Defense Time % Phy DF OF
1 Jake Gardiner Cam Barker 60 1 2 2
2 Darnell Nurse Rasmus Ristolainen 40 1 2 2
Penalty Kill - 3 Players Forward
Forward Time % Phy DF OF
1 Patrice Bergeron 60 1 2 2
2 Connor McDavid 40 1 2 2
Penalty Kill - 3 Players Defense
Defense Defense Time % Phy DF OF
1 Jake Gardiner Cam Barker 60 1 2 2
2 Darnell Nurse Rasmus Ristolainen 40 1 2 2
4 vs 4 Forward
Center Wing Time % Phy DF OF
1 Patrice Bergeron Alex Galchenyuk 60 1 2 2
2 Connor McDavid Jussi Jokinen 40 1 2 2
4 vs 4 Defense
Defense Defense Time % Phy DF OF
1 Jake Gardiner Cam Barker 60 1 2 2
2 Darnell Nurse Rasmus Ristolainen 40 1 2 2
Last Minutes Offensive
Center Left Wing Right Wing Defense Defense
Patrice Bergeron Alex Galchenyuk Evander Kane Jake Gardiner Cam Barker
Last Minutes Defensive
Center Left Wing Right Wing Defense Defense
Patrice Bergeron Alex Galchenyuk Evander Kane Jake Gardiner Cam Barker
Goaltenders
Starting : Jonas Hiller
Backup : James Reimer
Extra Forwards
Normal : Ryan Nugent-Hopkins, Connor McDavid, Leon Draisaitl - PP : Ryan Nugent-Hopkins, Connor McDavid - PK : Patrice Bergeron
Extra Defensemen
Normal : Rasmus Ristolainen, Tobias Enstrom, Duncan Keith - PP : Rasmus Ristolainen - PK : Rasmus Ristolainen, Tobias Enstrom
Penalty Shots
Evander Kane, Alex Galchenyuk, Tyler Toffoli, Jussi Jokinen, Patrice Bergeron
Scratches
Jordan Caron (Healthy), Maxim Lapierre (Left Forearm Injury)
% Time on Ice - Bruins
Lines # - Real PCT - Wanted PCT - Time Play
Normal Forward
1 - 34% - 40% - 16:06
2 - 29% - 30% - 13:46
3 - 20% - 20% - 9:21
4 - 18% - 10% - 8:24
Normal Defense
1 - 39% - 40% - 18:41
2 - 31% - 30% - 14:57
3 - 25% - 20% - 12:07
4 - 4% - 10% - 1:52
PP Forward
1 - 57% - 60% - 5:56
2 - 43% - 40% - 4:28
PP Defense
1 - 65% - 60% - 6:47
2 - 35% - 40% - 3:37
PK Forward
1 - 84% - 60% - 1:40
2 - 16% - 40% - 0:19
PK Defense
1 - 39% - 60% - 0:47
2 - 61% - 40% - 1:12
PK3 Forward
1 - 0% - 60%
2 - 0% - 40%
PK3 Defense
1 - 0% - 60%
2 - 0% - 40%
44 Forward
1 - 0% - 60%
2 - 0% - 40%
44 Defense
1 - 0% - 60%
2 - 0% - 40%
Last Minute Offensive - 0:00
Last Minute Defensive - 0:00
Total
Forward - 60:00
Defense - 60:00
|
% Time on Ice - Oilers
Lines # - Real PCT - Wanted PCT - Time Play
Normal Forward
1 - 38% - 40% - 18:19
2 - 29% - 30% - 13:57
3 - 20% - 20% - 9:27
4 - 12% - 10% - 5:54
Normal Defense
1 - 40% - 40% - 18:59
2 - 34% - 30% - 16:14
3 - 22% - 20% - 10:18
4 - 4% - 10% - 2:06
PP Forward
1 - 53% - 60% - 1:03
2 - 47% - 40% - 0:56
PP Defense
1 - 65% - 60% - 1:17
2 - 35% - 40% - 0:42
PK Forward
1 - 75% - 60% - 7:49
2 - 25% - 40% - 2:35
PK Defense
1 - 63% - 60% - 6:33
2 - 37% - 40% - 3:51
PK3 Forward
1 - 0% - 60%
2 - 0% - 40%
PK3 Defense
1 - 0% - 60%
2 - 0% - 40%
44 Forward
1 - 0% - 60%
2 - 0% - 40%
44 Defense
1 - 0% - 60%
2 - 0% - 40%
Last Minute Offensive - 0:00
Last Minute Defensive - 0:00
Total
Forward - 60:00
Defense - 60:00
|
Play-by-Play
1st period
0:01 of 1st period - Patrice Bergeron wins face-off versus Jonathan Toews in neutral zone.
0:04 of 1st period - Jason Demers is hit by Patrice Bergeron.
0:26 of 1st period - Cam Barker is hit by Jason Demers and loses puck.
0:31 of 1st period - Snap shot by Victor Oreskovich.
0:31 of 1st period - Shot Blocked by Cam Barker.
0:47 of 1st period - Snap shot by Andrei Kostitsyn.
0:47 of 1st period - Deflect By Casey Cizikas.
0:47 of 1st period - Stopped by Jonas Hiller with a rebound.
0:49 of 1st period - Slapshot by Torey Krug.
0:49 of 1st period - Stopped by Jonas Hiller without a rebound.
0:50 of 1st period - Casey Cizikas wins face-off versus Ryan Nugent-Hopkins in Oilers zone.
1:05 of 1st period - Wrist shot by Andrei Kostitsyn.
1:05 of 1st period - Stopped by Jonas Hiller with a rebound.
1:25 of 1st period - Snap shot by Evander Kane.
1:25 of 1st period - Stopped by Kevin Poulin without a rebound.
1:26 of 1st period - Ryan Nugent-Hopkins wins face-off versus Mikael Backlund in Bruins zone.
1:58 of 1st period - Wrist shot by Kevin Hayes.
1:58 of 1st period - Deflect By Connor McDavid.
1:58 of 1st period - Shot Blocked by Tyler Toffoli.
1:58 of 1st period - Puck is out of play.
1:59 of 1st period - Jonathan Toews wins face-off versus Patrice Bergeron in Oilers zone.
2:14 of 1st period - Snap shot by Evander Kane.
2:14 of 1st period - Shot Blocked by Jonathan Toews.
2:33 of 1st period - Snap shot by Kevin Hayes.
2:33 of 1st period - Stopped by Jonas Hiller with a rebound.
2:55 of 1st period - Slapshot by Andrei Kostitsyn.
2:55 of 1st period - Shot Blocked by Cam Barker.
3:27 of 1st period - Wrist shot by Evander Kane.
3:27 of 1st period - Goal by Evander Kane - Bruins : 0 - Oilers : 1.
3:28 of 1st period - Jonathan Toews wins face-off versus Patrice Bergeron in neutral zone.
3:55 of 1st period - Gabriel Landeskog is hit by Darnell Nurse and loses puck.
4:49 of 1st period - Patrice Bergeron is hit by Jonathan Toews and loses puck.
5:11 of 1st period - Off-side.
5:12 of 1st period - Ryan Nugent-Hopkins wins face-off versus Kris Chucko in neutral zone.
5:41 of 1st period - Slapshot by Alex Galchenyuk.
5:41 of 1st period - Stopped by Kevin Poulin without a rebound.
5:42 of 1st period - Jonathan Toews wins face-off versus Patrice Bergeron in Bruins zone.
5:42 of 1st period - Jonathan Toews is hit by Jake Gardiner.
6:42 of 1st period - Wrist shot by Conor Sheary.
6:42 of 1st period - Shot Misses the Net.
7:34 of 1st period - Slapshot by Rasmus Ristolainen.
7:34 of 1st period - Shot Blocked by Josh Manson.
7:36 of 1st period - Slapshot by Evander Kane.
7:36 of 1st period - Stopped by Kevin Poulin with a rebound.
7:46 of 1st period - Wojtek Wolski is hit by Jussi Jokinen and loses puck.
8:38 of 1st period - Evander Kane is hit by Matt Read.
9:30 of 1st period - Cam Barker is hit by Brendan Smith.
9:40 of 1st period - Nail Yakupov is hit by Wojtek Wolski and loses puck.
11:06 of 1st period - Madison Bowey is hit by Tyler Toffoli and loses puck.
11:19 of 1st period - Slapshot by Kris Chucko.
11:19 of 1st period - Stopped by Jonas Hiller with a rebound.
11:21 of 1st period - Wrist shot by Mikael Backlund.
11:21 of 1st period - Stopped by Jonas Hiller with a rebound.
11:23 of 1st period - Snap shot by Madison Bowey.
11:23 of 1st period - Stopped by Jonas Hiller with a rebound.
11:37 of 1st period - Icing by Kevin Hayes.
11:38 of 1st period - Kevin Hayes wins face-off versus Leon Draisaitl in Bruins zone.
12:00 of 1st period - Connor McDavid is hit by Gabriel Landeskog and loses puck.
12:15 of 1st period - Wrist shot by Tyler Toffoli.
12:15 of 1st period - Stopped by Kevin Poulin with a rebound.
12:17 of 1st period - Slapshot by Tobias Enstrom.
12:17 of 1st period - Shot Blocked by Adam Pelech.
12:19 of 1st period - Slapshot by Connor McDavid.
12:19 of 1st period - Stopped by Kevin Poulin without a rebound.
12:20 of 1st period - Jonathan Toews wins face-off versus Patrice Bergeron in Bruins zone.
12:20 of 1st period - Jonathan Toews is hit by Rasmus Ristolainen.
12:29 of 1st period - Minor Penalty to Evander Kane for Diving.
12:30 of 1st period - Patrice Bergeron wins face-off versus Jonathan Toews in Oilers zone.
12:47 of 1st period - Off-side.
12:48 of 1st period - Kevin Hayes wins face-off versus Patrice Bergeron in neutral zone.
12:51 of 1st period - Patrice Bergeron is hit by Jason Demers and loses puck.
14:29 of 1st period - Penalty to Evander Kane is over, Evander Kane is back on ice.
14:42 of 1st period - Slapshot by Jake Gardiner.
14:42 of 1st period - Stopped by Kevin Poulin without a rebound.
14:43 of 1st period - Ryan Nugent-Hopkins wins face-off versus Casey Cizikas in Bruins zone.
14:54 of 1st period - Wrist shot by Ryan Nugent-Hopkins.
14:54 of 1st period - Stopped by Kevin Poulin without a rebound.
14:55 of 1st period - Patrice Bergeron wins face-off versus Jonathan Toews in Bruins zone.
15:28 of 1st period - Slapshot by Jason Demers.
15:28 of 1st period - Stopped by Jonas Hiller without a rebound.
15:29 of 1st period - Ryan Nugent-Hopkins wins face-off versus Kevin Hayes in Oilers zone.
15:52 of 1st period - Snap shot by Jussi Jokinen.
15:52 of 1st period - Shot Misses the Net.
15:54 of 1st period - Snap shot by Jussi Jokinen.
15:54 of 1st period - Shot Misses the Net.
15:56 of 1st period - Wrist shot by Conor Sheary.
15:56 of 1st period - Shot Misses the Net.
16:22 of 1st period - Wrist shot by Jussi Jokinen.
16:22 of 1st period - Shot Misses the Net.
16:32 of 1st period - Snap shot by Ryan Nugent-Hopkins.
16:32 of 1st period - Stopped by Kevin Poulin with a rebound.
16:34 of 1st period - Slapshot by Jake Gardiner.
16:34 of 1st period - Shot Misses the Net.
16:36 of 1st period - Snap shot by Conor Sheary.
16:36 of 1st period - Shot Misses the Net.
16:38 of 1st period - Slapshot by Jake Gardiner.
16:38 of 1st period - Shot Blocked by Gabriel Landeskog.
16:40 of 1st period - Snap shot by Ryan Nugent-Hopkins.
16:40 of 1st period - Shot Blocked by Gabriel Landeskog.
16:52 of 1st period - Wrist shot by Ryan Nugent-Hopkins.
16:52 of 1st period - Stopped by Kevin Poulin with a rebound.
16:54 of 1st period - Wrist shot by Ryan Nugent-Hopkins.
16:54 of 1st period - Deflect By Victor Oreskovich.
16:54 of 1st period - Shot Misses the Net.
16:54 of 1st period - Puck is out of play.
16:55 of 1st period - Jonathan Toews wins face-off versus Patrice Bergeron in Bruins zone.
17:08 of 1st period - Snap shot by Patrice Bergeron.
17:08 of 1st period - Stopped by Kevin Poulin with a rebound.
17:45 of 1st period - Patrice Bergeron is hit by Kris Chucko and loses puck.
18:32 of 1st period - Snap shot by Ted Purcell.
18:32 of 1st period - Stopped by Kevin Poulin without a rebound.
18:33 of 1st period - Leon Draisaitl wins face-off versus Mikael Backlund in Bruins zone.
18:53 of 1st period - Icing by Brendan Smith.
18:54 of 1st period - Patrice Bergeron wins face-off versus Mikael Backlund in Bruins zone.
19:29 of 1st period - Wrist shot by Wojtek Wolski.
19:29 of 1st period - Stopped by Jonas Hiller without a rebound.
19:30 of 1st period - Connor McDavid wins face-off versus Jonathan Toews in Oilers zone.
19:37 of 1st period - Snap shot by Wojtek Wolski.
19:37 of 1st period - Stopped by Jonas Hiller without a rebound.
19:38 of 1st period - Jonathan Toews wins face-off versus Connor McDavid in Oilers zone.
19:49 of 1st period - Slapshot by Zack Kassian.
19:49 of 1st period - Stopped by Jonas Hiller without a rebound.
19:50 of 1st period - Jonathan Toews wins face-off versus Patrice Bergeron in Oilers zone.
19:51 of 1st period - Snap shot by Wojtek Wolski.
19:51 of 1st period - Stopped by Jonas Hiller with a rebound.
19:53 of 1st period - Snap shot by Zack Kassian.
19:53 of 1st period - Stopped by Jonas Hiller without a rebound.
19:54 of 1st period - Jonathan Toews wins face-off versus Patrice Bergeron in Oilers zone.
19:57 of 1st period - Slapshot by Jonathan Toews.
19:57 of 1st period - Stopped by Jonas Hiller without a rebound.
19:58 of 1st period - Jonathan Toews wins face-off versus Patrice Bergeron in Oilers zone.
Goals for this period are 0 for Bruins vs 1 for Oilers.
Shots for this period are 14 for Bruins vs 12 for Oilers.
2nd period
0:01 of 2nd period - Jonathan Toews wins face-off versus Patrice Bergeron in neutral zone.
0:26 of 2nd period - Jason Demers is hit by Tyler Toffoli and loses puck.
1:43 of 2nd period - Icing by Mikael Backlund.
1:44 of 2nd period - Mikael Backlund wins face-off versus Ryan Nugent-Hopkins in Bruins zone.
2:10 of 2nd period - Backhand shot by Kris Chucko.
2:10 of 2nd period - Stopped by Jonas Hiller without a rebound.
2:11 of 2nd period - Patrice Bergeron wins face-off versus Jonathan Toews in Oilers zone.
2:56 of 2nd period - Minor Penalty to Casey Cizikas for Hooking.
2:57 of 2nd period - Connor McDavid wins face-off versus Wojtek Wolski in Bruins zone.
2:57 of 2nd period - Wrist shot by Alex Galchenyuk.
2:57 of 2nd period - Shot Misses the Net.
2:59 of 2nd period - Snap shot by Alex Galchenyuk.
2:59 of 2nd period - Stopped by Kevin Poulin with a rebound.
3:50 of 2nd period - Jason Demers is hit by Connor McDavid and loses puck.
4:56 of 2nd period - Penalty to Casey Cizikas is over, Casey Cizikas is back on ice.
6:12 of 2nd period - Gabriel Landeskog is hit by Ryan Nugent-Hopkins and loses puck.
6:33 of 2nd period - Wrist shot by Kris Chucko.
6:33 of 2nd period - Goal by Kris Chucko - Bruins : 1 - Oilers : 1.
6:34 of 2nd period - Zack Kassian wins face-off versus Connor McDavid in neutral zone.
6:44 of 2nd period - Off-side.
6:45 of 2nd period - Jonathan Toews wins face-off versus Patrice Bergeron in neutral zone.
6:50 of 2nd period - Wrist shot by Wojtek Wolski.
6:50 of 2nd period - Shot Misses the Net.
7:00 of 2nd period - Slapshot by Jonathan Toews.
7:00 of 2nd period - Shot Misses the Net.
7:02 of 2nd period - Snap shot by Jonathan Toews.
7:02 of 2nd period - Shot Blocked by Jake Gardiner.
7:44 of 2nd period - Slapshot by Ryan Nugent-Hopkins.
7:44 of 2nd period - Shot Misses the Net.
8:23 of 2nd period - Snap shot by Leon Draisaitl.
8:23 of 2nd period - Shot Misses the Net.
8:33 of 2nd period - Leon Draisaitl is hit by Kris Chucko.
9:38 of 2nd period - Off-side.
9:39 of 2nd period - Jonathan Toews wins face-off versus Connor McDavid in neutral zone.
9:45 of 2nd period - Minor Penalty to Leon Draisaitl for High sticking.
9:46 of 2nd period - Jonathan Toews wins face-off versus Patrice Bergeron in Oilers zone.
9:51 of 2nd period - Snap shot by Wojtek Wolski.
9:51 of 2nd period - Stopped by Jonas Hiller without a rebound.
9:52 of 2nd period - Patrice Bergeron wins face-off versus Jonathan Toews in Oilers zone.
11:25 of 2nd period - Icing by Gabriel Landeskog.
11:26 of 2nd period - Kevin Hayes wins face-off versus Connor McDavid in Bruins zone.
11:45 of 2nd period - Penalty to Leon Draisaitl is over, Leon Draisaitl is back on ice.
11:47 of 2nd period - Slapshot by Patrice Bergeron.
11:47 of 2nd period - Deflect By Leon Draisaitl.
11:47 of 2nd period - Shot Blocked by Torey Krug.
11:47 of 2nd period - Puck is out of play.
11:48 of 2nd period - Ryan Nugent-Hopkins wins face-off versus Kevin Hayes in Bruins zone.
11:53 of 2nd period - Snap shot by Ryan Nugent-Hopkins.
11:53 of 2nd period - Stopped by Kevin Poulin with a rebound.
11:55 of 2nd period - Slapshot by Ryan Nugent-Hopkins.
11:55 of 2nd period - Shot Blocked by Josh Manson.
11:57 of 2nd period - Wrist shot by Ryan Nugent-Hopkins.
11:57 of 2nd period - Shot Misses the Net.
11:59 of 2nd period - Slapshot by Jake Gardiner.
11:59 of 2nd period - Stopped by Kevin Poulin with a rebound.
12:01 of 2nd period - Snap shot by Ryan Nugent-Hopkins.
12:01 of 2nd period - Stopped by Kevin Poulin with a rebound.
12:03 of 2nd period - Snap shot by Ted Purcell.
12:03 of 2nd period - Shot Misses the Net.
12:05 of 2nd period - Slapshot by Cam Barker.
12:05 of 2nd period - Stopped by Kevin Poulin with a rebound.
13:15 of 2nd period - Wojtek Wolski is hit by Connor McDavid.
13:35 of 2nd period - Backhand shot by Gabriel Landeskog.
13:35 of 2nd period - Shot Misses the Net.
13:47 of 2nd period - Ted Purcell is hit by Andrei Kostitsyn and loses puck.
13:56 of 2nd period - Snap shot by Casey Cizikas.
13:56 of 2nd period - Shot Blocked by Tobias Enstrom.
13:58 of 2nd period - Slapshot by Andrei Kostitsyn.
13:58 of 2nd period - Stopped by Jonas Hiller without a rebound.
13:59 of 2nd period - Connor McDavid wins face-off versus Jonathan Toews in Oilers zone.
15:09 of 2nd period - Cam Barker is hit by Mikael Backlund and loses puck.
15:24 of 2nd period - Cam Barker is hit by Zack Kassian.
15:52 of 2nd period - Slapshot by Kevin Hayes.
15:52 of 2nd period - Shot Misses the Net.
15:54 of 2nd period - Snap shot by Gabriel Landeskog.
15:54 of 2nd period - Shot Misses the Net.
17:03 of 2nd period - Minor Penalty to Jussi Jokinen for Goalie Interference.
17:04 of 2nd period - Wojtek Wolski wins face-off versus Patrice Bergeron in Oilers zone.
17:30 of 2nd period - Cam Barker is hit by Gabriel Landeskog and loses puck.
19:03 of 2nd period - Penalty to Jussi Jokinen is over, Jussi Jokinen is back on ice.
19:17 of 2nd period - Wrist shot by Leon Draisaitl.
19:17 of 2nd period - Shot Misses the Net.
19:19 of 2nd period - Snap shot by Jussi Jokinen.
19:19 of 2nd period - Shot Misses the Net.
19:21 of 2nd period - Slapshot by Jake Gardiner.
19:21 of 2nd period - Shot Blocked by Andrei Kostitsyn.
19:23 of 2nd period - Snap shot by Jussi Jokinen.
19:23 of 2nd period - Stopped by Kevin Poulin with a rebound.
19:25 of 2nd period - Snap shot by Leon Draisaitl.
19:25 of 2nd period - Goal by Leon Draisaitl - Bruins : 1 - Oilers : 2.
19:26 of 2nd period - Jonathan Toews wins face-off versus Ryan Nugent-Hopkins in neutral zone.
19:53 of 2nd period - Alex Galchenyuk is hit by Gabriel Landeskog and loses puck.
19:59 of 2nd period - Off-side.
Goals for this period are 1 for Bruins vs 1 for Oilers.
Shots for this period are 4 for Bruins vs 7 for Oilers.
3rd period
0:01 of 3rd period - Jonathan Toews wins face-off versus Patrice Bergeron in neutral zone.
0:04 of 3rd period - Slapshot by Wojtek Wolski.
0:04 of 3rd period - Shot Blocked by Patrice Bergeron.
0:06 of 3rd period - Slapshot by Jonathan Toews.
0:06 of 3rd period - Stopped by Jonas Hiller with a rebound.
0:16 of 3rd period - Snap shot by Wojtek Wolski.
0:16 of 3rd period - Goal by Wojtek Wolski - Bruins : 2 - Oilers : 2.
0:17 of 3rd period - Zack Kassian wins face-off versus Patrice Bergeron in neutral zone.
0:40 of 3rd period - Minor Penalty to Cam Barker for Hooking.
0:41 of 3rd period - Patrice Bergeron wins face-off versus Jonathan Toews in Oilers zone.
1:18 of 3rd period - Snap shot by Connor McDavid.
1:18 of 3rd period - Shot Misses the Net.
1:20 of 3rd period - Backhand shot by Jake Gardiner.
1:20 of 3rd period - Deflect By Gabriel Landeskog.
1:20 of 3rd period - Stopped by Kevin Poulin without a rebound.
1:21 of 3rd period - Patrice Bergeron wins face-off versus Jonathan Toews in Bruins zone.
1:22 of 3rd period - Wrist shot by Jussi Jokinen.
1:22 of 3rd period - Shot Misses the Net.
1:28 of 3rd period - Wrist shot by Jussi Jokinen.
1:28 of 3rd period - Shot Misses the Net.
2:40 of 3rd period - Penalty to Cam Barker is over, Cam Barker is back on ice.
2:48 of 3rd period - Wrist shot by Ryan Nugent-Hopkins.
2:48 of 3rd period - Shot Blocked by Adam Pelech.
2:53 of 3rd period - Minor Penalty to Ted Purcell for Roughing.
2:54 of 3rd period - Patrice Bergeron wins face-off versus Jonathan Toews in Oilers zone.
3:04 of 3rd period - Slapshot by Jason Demers.
3:04 of 3rd period - Deflect By Jonathan Toews.
3:04 of 3rd period - Stopped by Jonas Hiller without a rebound.
3:05 of 3rd period - Jonathan Toews wins face-off versus Patrice Bergeron in Oilers zone.
3:06 of 3rd period - Slapshot by Wojtek Wolski.
3:06 of 3rd period - Deflect By Jake Gardiner.
3:06 of 3rd period - Shot Misses the Net.
3:06 of 3rd period - Puck is out of play.
3:07 of 3rd period - Patrice Bergeron wins face-off versus Jonathan Toews in Oilers zone.
3:22 of 3rd period - Snap shot by Zack Kassian.
3:22 of 3rd period - Goal by Zack Kassian - Bruins : 3 - Oilers : 2.
3:23 of 3rd period - Jonathan Toews wins face-off versus Patrice Bergeron in neutral zone.
3:54 of 3rd period - Snap shot by Kevin Hayes.
3:54 of 3rd period - Stopped by Jonas Hiller with a rebound.
3:56 of 3rd period - Snap shot by Kevin Hayes.
3:56 of 3rd period - Stopped by Jonas Hiller with a rebound.
3:58 of 3rd period - Slapshot by Brendan Smith.
3:58 of 3rd period - Goal by Brendan Smith - Bruins : 4 - Oilers : 2.
3:59 of 3rd period - Patrice Bergeron wins face-off versus Jonathan Toews in neutral zone.
4:31 of 3rd period - Slapshot by Leon Draisaitl.
4:31 of 3rd period - Stopped by Kevin Poulin with a rebound.
4:39 of 3rd period - Tyler Toffoli is hit by Victor Oreskovich and loses puck.
4:52 of 3rd period - Snap shot by Mikael Backlund.
4:52 of 3rd period - Shot Misses the Net.
4:54 of 3rd period - Slapshot by Torey Krug.
4:54 of 3rd period - Shot Misses the Net.
4:56 of 3rd period - Snap shot by Andreas Athanasiou.
4:56 of 3rd period - Stopped by Jonas Hiller without a rebound.
4:57 of 3rd period - Patrice Bergeron wins face-off versus Mikael Backlund in Oilers zone.
5:32 of 3rd period - Wrist shot by Wojtek Wolski.
5:32 of 3rd period - Stopped by Jonas Hiller without a rebound.
5:33 of 3rd period - Jonathan Toews wins face-off versus Connor McDavid in Oilers zone.
6:04 of 3rd period - Gabriel Landeskog is hit by Evander Kane and loses puck.
6:18 of 3rd period - Icing by Jake Gardiner.
6:19 of 3rd period - Casey Cizikas wins face-off versus Patrice Bergeron in Oilers zone.
6:20 of 3rd period - Wrist shot by Matt Read.
6:20 of 3rd period - Deflect By Patrice Bergeron.
6:20 of 3rd period - Shot Blocked by Patrice Bergeron.
6:20 of 3rd period - Puck is out of play.
6:21 of 3rd period - Patrice Bergeron wins face-off versus Casey Cizikas in Oilers zone.
6:21 of 3rd period - Patrice Bergeron is hit by Andrei Kostitsyn.
6:33 of 3rd period - Slapshot by Darnell Nurse.
6:33 of 3rd period - Deflect By Matt Read.
6:33 of 3rd period - Stopped by Kevin Poulin with a rebound.
6:57 of 3rd period - Wrist shot by Victor Oreskovich.
6:57 of 3rd period - Stopped by Jonas Hiller without a rebound.
6:58 of 3rd period - Connor McDavid wins face-off versus Kevin Hayes in Oilers zone.
7:39 of 3rd period - Wrist shot by Ryan Nugent-Hopkins.
7:39 of 3rd period - Stopped by Kevin Poulin without a rebound.
7:40 of 3rd period - Jonathan Toews wins face-off versus Patrice Bergeron in Bruins zone.
8:36 of 3rd period - Slapshot by Jussi Jokinen.
8:36 of 3rd period - Stopped by Kevin Poulin with a rebound.
8:50 of 3rd period - Snap shot by Patrice Bergeron.
8:50 of 3rd period - Stopped by Kevin Poulin with a rebound.
8:54 of 3rd period - Snap shot by Alex Galchenyuk.
8:54 of 3rd period - Shot Blocked by Gabriel Landeskog.
8:56 of 3rd period - Snap shot by Alex Galchenyuk.
8:56 of 3rd period - Shot Blocked by Jason Demers.
9:10 of 3rd period - Snap shot by Ryan Nugent-Hopkins.
9:10 of 3rd period - Stopped by Kevin Poulin without a rebound.
9:11 of 3rd period - Connor McDavid wins face-off versus Jonathan Toews in Bruins zone.
9:26 of 3rd period - Wrist shot by Tyler Toffoli.
9:26 of 3rd period - Deflect By Connor McDavid.
9:26 of 3rd period - Shot Misses the Net.
9:26 of 3rd period - Puck is out of play.
9:27 of 3rd period - Patrice Bergeron wins face-off versus Casey Cizikas in Bruins zone.
9:34 of 3rd period - Snap shot by Evander Kane.
9:34 of 3rd period - Stopped by Kevin Poulin without a rebound.
9:35 of 3rd period - Casey Cizikas wins face-off versus Patrice Bergeron in Bruins zone.
9:54 of 3rd period - Wrist shot by Alex Galchenyuk.
9:54 of 3rd period - Deflect By Torey Krug.
9:54 of 3rd period - Shot Misses the Net.
9:54 of 3rd period - Puck is out of play.
9:55 of 3rd period - Jonathan Toews wins face-off versus Connor McDavid in Bruins zone.
10:12 of 3rd period - Wrist shot by Leon Draisaitl.
10:12 of 3rd period - Stopped by Kevin Poulin without a rebound.
10:13 of 3rd period - Patrice Bergeron wins face-off versus Kevin Hayes in Bruins zone.
11:49 of 3rd period - Wrist shot by Leon Draisaitl.
11:49 of 3rd period - Stopped by Kevin Poulin with a rebound.
13:13 of 3rd period - Leon Draisaitl is hit by Zack Kassian and loses puck.
13:57 of 3rd period - Wrist shot by Ryan Nugent-Hopkins.
13:57 of 3rd period - Deflect By Ted Purcell.
13:57 of 3rd period - Stopped by Kevin Poulin without a rebound.
13:58 of 3rd period - Ryan Nugent-Hopkins wins face-off versus Victor Oreskovich in Bruins zone.
14:05 of 3rd period - Slapshot by Rasmus Ristolainen.
14:05 of 3rd period - Shot Misses the Net.
14:30 of 3rd period - Slapshot by Wojtek Wolski.
14:30 of 3rd period - Stopped by Jonas Hiller without a rebound.
14:31 of 3rd period - Patrice Bergeron wins face-off versus Jonathan Toews in Oilers zone.
15:10 of 3rd period - Gabriel Landeskog is hit by Tyler Toffoli and loses puck.
15:21 of 3rd period - Jussi Jokinen is hit by Casey Cizikas and loses puck.
16:16 of 3rd period - Minor Penalty to Connor McDavid for Interference.
16:17 of 3rd period - Jonathan Toews wins face-off versus Patrice Bergeron in Oilers zone.
16:22 of 3rd period - Wrist shot by Jonathan Toews.
16:22 of 3rd period - Shot Misses the Net.
17:38 of 3rd period - Icing by Brendan Smith.
17:39 of 3rd period - Jonathan Toews wins face-off versus Ryan Nugent-Hopkins in Bruins zone.
17:39 of 3rd period - Jonathan Toews is hit by Darnell Nurse.
18:16 of 3rd period - Penalty to Connor McDavid is over, Connor McDavid is back on ice.
18:24 of 3rd period - Wrist shot by Tyler Toffoli.
18:24 of 3rd period - Deflect By Leon Draisaitl.
18:24 of 3rd period - Stopped by Kevin Poulin with a rebound.
18:44 of 3rd period - Connor McDavid is hit by Victor Oreskovich and loses puck.
19:06 of 3rd period - Off-side.
19:07 of 3rd period - Ryan Nugent-Hopkins wins face-off versus Jonathan Toews in neutral zone.
Goals for this period are 3 for Bruins vs 0 for Oilers.
Shots for this period are 11 for Bruins vs 12 for Oilers.